 Dungeon Crawl Stone Soup version 0.27-a0-1332-g84bddb5ca7 (webtiles) character file.

Game seed: 4771888265378978100

264 freelancePsychic the Skirmisher (level 5, -4/37 (42) HPs)
             Began as a Demonspawn Fighter on June 26, 2021.
             Slain by Edmund (5 damage)
             ... on level 4 of the Dungeon.
             The game lasted 00:06:44 (3967 turns).

freelancePsychic the Skirmisher (DsFi)              Turns: 3967, Time: 00:06:45

HP:   -4/37 (42)    AC: 10    Str: 17    XL:     5   Next: 98%
MP:   5/5           EV:  4    Int:  9    God:
Gold: 150           SH:  8    Dex: 13    Spells: 4/4 levels left

rFire    + . .     SeeInvis +   q - +2 dagger (drain)
rCold    . . .     Faith    .   c - +0 kite shield
rNeg     . . .     Spirit   .   m - +1 chain mail {rPois}
rPois    +         Reflect  .   (no helmet)
rElec    .         Harm     .   (no cloak)
rCorr    .         Rampage  .   (no gloves)
Will     .....                  (no boots)
Stlth    ..........             (no amulet)
HPRegen  0.12/turn              k - ring of protection from fire
MPRegen  0.09/turn              j - ring of see invisible

@: heavily drained
A: talons 1, powered by death 1
a: no special abilities


You were on level 4 of the Dungeon.
You visited 1 branch of the dungeon, and saw 4 of its levels.

You collected 150 gold pieces.

Inventory:

Hand Weapons
 a - a +0 rapier
 q - a +2 dagger of draining (weapon)
Missiles
 g - 8 poisoned darts (quivered)
Armour
 b - a +0 scale mail
 c - a +0 kite shield (worn)
 m - a +1 chain mail of poison resistance (worn)
Jewellery
 j - a ring of see invisible (right hand)
 k - a ring of protection from fire (left hand)
 o - an amulet of reflection
Wands
 s - a wand of paralysis (9)
Scrolls
 e - a scroll of holy word {unknown}
 f - 2 scrolls of blinking
 l - a scroll of fear
Potions
 d - 2 potions of heal wounds {unknown}
 h - a potion of ambrosia {unknown}
 i - a potion of lignification {unknown}
 p - a potion of degeneration {unknown}
 r - a potion of curing {unknown}


   Skills:
 - Level 4.2 Fighting
 * Level 3.9 Short Blades
 - Level 2.1 Throwing
 + Level 3.2 Armour
 - Level 2.6 Shields


You had 4 spell levels left.
You didn't know any spells.
Your spell library was empty.

Dungeon Overview and Level Annotations

Branches:
Dungeon (4/15)
 Temple: D:4-7

Altars:
Dithmenos
Elyvilon

Annotations:
D:1 exclusion: downstairs
D:4 Edmund


Innate Abilities, Weirdness & Mutations

You have sharp toenails.
You regenerate a little health from kills.


Message History

Edmund barely misses you.
Your adder skeleton completely misses Edmund.
Your goblin hits Edmund but does no damage.
You hit Edmund but do no damage. You drain Edmund. Your kick misses Edmund.
Edmund is lightly wounded.
Edmund barely misses you.
Your goblin hits Edmund but does no damage.
Edmund closely misses your goblin.
You catch the helpless Edmund completely off-guard!
You puncture Edmund! You drain Edmund.
Edmund is heavily wounded.
Your adder skeleton bites Edmund but does no damage.
Edmund hits you with a +4 flail of draining!
You feel drained.
Your goblin misses Edmund. You hit Edmund. You drain Edmund.
Edmund is heavily wounded.
You block Edmund's attack.
Your adder skeleton bites Edmund but does no damage.
Edmund hits you with a +4 flail of draining!
* * * LOW HITPOINT WARNING * * *
You feel drained.
* * * LOW HITPOINT WARNING * * *
Your goblin barely misses Edmund.
Your adder skeleton closely misses Edmund.
Blink to where?
Press: ? - help, Dir - move target, f - you, p - Edmund
Okay, then.
You completely miss Edmund. You claw Edmund.
Edmund is severely wounded.
Edmund hits you with a +4 flail of draining.
* * * LOW HITPOINT WARNING * * *
You feel drained.
* * * LOW HITPOINT WARNING * * *
Your goblin hits Edmund with a +0 dagger.
Your adder skeleton barely misses Edmund.
You closely miss Edmund. You claw Edmund.
Edmund is severely wounded.
Edmund looks more healthy.
Edmund hits you with a +4 flail of draining.
You die...

#...##..##
##..##....#
#...#._[..#
#...##....#
#....##..## .#
#.#.....##..>#
#.##..###....#
#.####........
#...@@Z.....#.
##....g.....#
#..##.........
#.. ..........
## .........#.
.....#...#
..........#
........###
...... .?...


You could see Edmund (berserk, drained, ally target), a friendly goblin
(summoned) and a friendly adder skeleton (summoned).

Vanquished Creatures
  Natasha (twice) (D:3)
  Robin (D:3)
  3 gnolls (D:2)
  5 adders
  A worm (D:1)
  A dart slug (D:3)
  10 orcs (D:3)
  9 ball pythons
  6 bats
  8 endoplasms
  2 giant cockroaches (D:1)
  14 goblins
  11 hobgoblins
  12 jackals
  7 kobolds
  2 quokkas (D:3)
  3 frilled lizards
  17 rats
114 creatures vanquished.

Notes
Turn   | Place    | Note
-------+----------+-------------------------------------------
     0 | D:1      | freelancePsychic the Demonspawn Fighter began the quest for
                  | the Orb.
     0 | D:1      | Reached XP level 1. HP: 18/18 MP: 1/1
     1 | D:1      | Found a runed translucent door.
   216 | D:1      | Gained mutation: You regenerate a little health from kills.
                  | [demonic ancestry]
   216 | D:1      | Reached XP level 2. HP: 24/24 MP: 2/2
   815 | D:1      | Reached skill level 1 in Throwing
  1225 | D:1      | Reached XP level 3. HP: 27/29 MP: 3/3
  2135 | D:2      | Gained mutation: You have sharp toenails. [demonic
                  | ancestry]
  2135 | D:2      | Reached XP level 4. HP: 37/37 MP: 4/4
  2233 | D:2      | Found a faded altar of an unknown god.
  2492 | D:2      | Reached skill level 4 in Fighting
  2958 | D:3      | Reached XP level 5. HP: 38/42 MP: 5/5
  3200 | D:3      | Noticed Natasha
  3207 | D:3      | Killed Natasha
  3286 | D:3      | Noticed Robin
  3306 | D:3      | Killed Robin
  3693 | D:3      | Noticed Natasha
  3700 | D:3      | Killed Natasha
  3937 | D:4      | Found a shadowy altar of Dithmenos.
  3953 | D:4      | Noticed Edmund
  3966 | D:4      | HP: 1/37 [Edmund (1)]
  3967 | D:4      | Slain by Edmund

Illustrated notes

Levels and vault maps discovered:
D:1:      dpeg_arrival_caged_fury, layout_basic, chequers_arboretum,
          grunt_decor_mini_mirrors, chequers_mini_garden
D:2:      layout_loops_ring, ebering_ecumenical_altar_mist,
          kennysheep_generic_room_16
D:3:      layout_basic, amcnicky_altar_gilded, kennysheep_generic_room_14,
          uniq_robin, uniq_natasha
D:4:      layout_cave_pools, nicolae_dithmenos_through_a_glass_darkly,
          uniq_blork_the_orc, uniq_crazy_yiuf_cottage, uniq_edmund

Skill      XL: |  1  2  3  4  5 |
---------------+----------------+-----
Short Blades   | 2 3 |  3.9
Throwing       | 1 2 |  2.1
Fighting       | 4 |  4.2
Armour         | 3 |  3.2
Shields        | |  2.6

Action                   |  1- 3 |  4- 6 || total
-------------------------+-------+-------++-------
Melee: Rapier            |   136 |   175 ||   311
       Kick              |       |    53 ||    53
       Dagger            |       |    41 ||    41
Throw: Dart              |    27 |    12 ||    39
  Use: Scroll            |     1 |     3 ||     4
       Potion            |     1 |       ||     1
 Stab: Distracted        |       |     1 ||     1
Armor: Scale mail        |    67 |     6 ||    73
       Chain mail        |       |   113 ||   113
Dodge: Dodged            |    47 |    38 ||    85
Block: Kite shield       |    73 |   109 ||   182

Table legend: (Time is in decaauts)
 A = Elapsed time spent in this place.
 B = Non-inter-level travel time spent in this place.
 C = Inter-level travel time spent in this place.
 D = Time resting spent in this place.
 E = Time spent auto-exploring this place.
 F = Levels seen in this place.
 G = Mean time per level.
                   A        B        C        D        E       F      G
               +--------+--------+--------+--------+--------+-----+--------+
         Total |   4080 |   4021 |     59 |      0 |   3170 |   4 | 1020.0 |
       Dungeon |   4080 |   4021 |     59 |      0 |   3170 |   4 | 1020.0 |
               +--------+--------+--------+--------+--------+-----+--------+

Top non-repeatable levels by time:
     D:1: 1699 daAuts
     D:2: 1207 daAuts
     D:3: 1140 daAuts
     D:4: 33 daAuts
